 Dungeon Crawl Stone Soup version 0.30-a0-924-g0ad0bf95bc (webtiles) character file.

Game seed: 2030635712491883301

1216 Iniera the Cleaver (level 8, -3/50 HPs)
             Began as a Gargoyle Fighter on Mar 22, 2023.
             Was an Initiate of Qazlal.
             Slain by an iguana (6 damage)
             ... on level 5 of the Dungeon.
             The game lasted 00:04:54 (3473 turns).

Iniera the Cleaver (Gargoyle Fighter)               Turns: 3473, Time: 00:04:55

Health: -3/50      AC: 15    Str: 22    XL:     8   Next: 46%
Magic:  8/8        EV:  9    Int:  9    God:    Qazlal [......]
Gold:   228        SH:  0    Dex:  9    Spells: 7/7 levels left

rFire   . . .      SeeInvis .    p - +2 battleaxe
rCold   . . .      Faith    .    (shield currently unavailable)
rNeg    + . .      Spirit   .    b - +0 scale mail
rPois   ∞          Reflect  .    (no helmet)
rElec   +          Rampage  .    h - +2 cloak
rCorr   .                        (no gloves)
Will    .....                    (no boots) Stlth
                                 (no amulet)
HPRegen 0.28/turn                (no ring)
MPRegen 0.11/turn                (no ring)

@: mighty
A: sickness immunity, AC +5, negative energy resistance 1, electricity
resistance, torment resistance 1, petrification resistance
a: Renounce Religion


You were on level 5 of the Dungeon.
You worshipped Qazlal.
Qazlal was noncommittal.
You visited 2 branches of the dungeon, and saw 6 of its levels.

You collected 228 gold pieces.

Inventory:

Hand Weapons
 p - a +2 battleaxe (weapon)
Armour
 b - a +0 scale mail (worn)
 h - a +2 cloak (worn)
Wands
 l - a wand of paralysis (10)
 m - a wand of roots (11)
Scrolls
 e - 2 scrolls of fog
 g - a scroll of vulnerability
 i - a scroll of enchant armour
Potions
 a - a potion of curing {unknown}
 j - 2 potions of attraction
 o - a potion of ambrosia


   Skills:
 - Level 5.5 Fighting
 * Level 8.4 Axes
 - Level 3.2 Armour
 - Level 3.2 Shields


You had 7 spell levels left.
You didn't know any spells.
Your spell library contained the following spells:

 Spells                   Type           Power      Damage    Failure   Level
 Apportation              Tloc           0%         N/A       71%         1
 Necrotise                Necr           0%         1d4       71%         1
 Slow                     Hex            0%         N/A       71%         1
 Summon Small Mammal      Summ           0%         N/A       71%         1
 Blink                    Tloc           0%         N/A       85%         2
 Lesser Beckoning         Tloc           0%         N/A       85%         2
 Momentum Strike          Conj/Tloc      0%         3d8       85%         2
 Confusing Touch          Hex            0%         N/A       97%         3
 Vampiric Draining        Necr           0%         2d6       97%         3
 Borgnjor's Revivificati  Necr           0%         N/A       100%        8
 Necromutation            Tmut/Necr      0%         N/A       100%        8
 Death's Door             Necr           0%         N/A       100%        9


Dungeon Overview and Level Annotations

Branches:
Dungeon (5/15)             Temple (1/1) D:5

Altars:
Ashenzari
Cheibriados
Dithmenos
Elyvilon
Fedhas
Hepliaklqana
Kikubaaqudgha
Makhleb
Nemelex Xobeh
Okawaru
Qazlal
Ru
Trog
Uskayaw
Wu Jian
Xom
Yredelemnul
The Shining One


Innate Abilities, Weirdness & Mutations

You are immune to sickness and miasma.
Your stone body is resilient. (AC +5)
You are immune to poison.
You resist negative energy. (rN+)
You are resistant to electric shocks. (rElec)
You are resistant to unholy torment.
You are immune to petrification.


Message History

The ice beast hits you but does no damage.
The adder bites you but does no damage.
The orc priest hits you but does no damage.
The jackal bites you but does no damage.
You closely miss the orc priest. You closely miss the ice beast.
You hit the adder.
You kill the adder!
Qazlal accepts your kill.
You slash the jackal!
You kill the jackal!
Qazlal accepts your kill.
You slash the jackal!
You kill the jackal!
Qazlal accepts your kill. The ice beast hits you. The ice beast freezes you!
The orc priest hits you but does no damage.
You closely miss the orc priest. You closely miss the jackal.
You closely miss the ice beast.
The jackal bites you but does no damage.
The orc priest hits you with a +0 falchion.
* * * LOW HITPOINT WARNING * * *
The ice beast hits you but does no damage.
The jackal bites you but does no damage.
The orc priest casts a cantrip, but nothing happens.
The ice beast hits you but does no damage.
The iguana closely misses you.
Okay, then.
Okay, then.
You feel very mighty all of a sudden. The jackal barely misses you.
The iguana bites you!
* * * LOW HITPOINT WARNING * * *
The ice beast hits you but does no damage.
The orc priest misses you.
You hit the orc priest.
The orc priest is moderately wounded.
You closely miss the jackal. You slash the ice beast! You slash the iguana!
The jackal bites you.
* * * LOW HITPOINT WARNING * * *
The iguana bites you.
You die...

#..................#..
#........##.#......# #
#....##.###.........
##...# ..##.....##...
#....###........##....
##.....#
##...<........
##......###.......# #
.........#....Y...# #
.............@oo.o# #
.............hl...o..
...#
.................#...
.....
.........###...##....
..... .......... #...#
... ..... #........
.[..# .. .....
#........ ...... .
..... #.[.....##......
..... .....


You could see an ice beast, an iguana, an orc priest, an orc wizard, 2 orcs and
a jackal.

Vanquished Creatures
  2 ogres (D:5)
  A phantom (D:4)
  2 scorpions (D:5)
  5 wights (D:4)
  A howler monkey (D:4)
  2 hounds (D:5)
  2 orc priests
  Crazy Yiuf (D:4)
  A jelly (D:5)
  3 iguanas
  Terence (D:3)
  Natasha (thrice) (D:3)
  A sleepcap (D:4)
  Ijyb (D:4)
  8 adders
  2 worms
  3 dart slugs
  9 orcs
  11 ball pythons
  7 endoplasms
  7 giant cockroaches
  5 goblins
  5 hobgoblins
  3 jackals (D:5)
  2 quokkas
  2 bats
  3 frilled lizards
  8 kobolds
  2 rats
103 creatures vanquished.

Notes
Turn   | Place    | Note
-------+----------+-------------------------------------------
     0 | D:1      | Iniera the Gargoyle Fighter began the quest for the Orb.
     0 | D:1      | Reached XP level 1. HP: 14/14 MP: 1/1
    70 | D:1      | Reached skill level 2 in Axes
   157 | D:1      | Reached XP level 2. HP: 18/19 MP: 2/2
   702 | D:2      | Found a faded altar of an unknown god.
   711 | D:2      | Reached skill level 3 in Axes
   813 | D:2      | Reached XP level 3. HP: 23/23 MP: 3/3
  1255 | D:2      | You fall into a shaft and drop 1 floor!
  1277 | D:3      | Noticed Terence
  1297 | D:3      | Killed Terence
  1298 | D:3      | Reached skill level 4 in Axes
  1298 | D:3      | Reached XP level 4. HP: 28/28 MP: 4/4
  1383 | D:3      | Found a basalt altar of Yredelemnul.
  1405 | D:3      | Noticed Natasha
  1413 | D:3      | Killed Natasha
  1414 | D:3      | Reached XP level 5. HP: 30/32 MP: 5/5
  1428 | D:3      | Noticed Natasha
  1440 | D:3      | Killed Natasha
  1591 | D:3      | Noticed Natasha
  1598 | D:3      | Killed Natasha
  1623 | D:3      | Found an ornate altar of the Wu Jian Council.
  1875 | D:3      | Reached skill level 5 in Axes
  1882 | D:4      | Reached XP level 6. HP: 17/38 MP: 6/6
  2066 | D:4      | Found a runed translucent door.
  2067 | D:4      | Noticed Crazy Yiuf
  2164 | D:4      | Reached skill level 6 in Axes
  2164 | D:4      | Reached XP level 7. HP: 24/44 MP: 7/7
  2199 | D:4      | Reached skill level 5 in Fighting
  2243 | D:4      | Killed Crazy Yiuf
  2519 | D:4      | Noticed Ijyb
  2527 | D:4      | Paralysed by Ijyb for 3 turns
  2532 | D:4      | Killed Ijyb
  2533 | D:4      | Reached skill level 7 in Axes
  2863 | D:5      | Entered Level 5 of the Dungeon
  2885 | D:5      | Reached XP level 8. HP: 33/50 MP: 8/8
  3108 | D:5      | Reached skill level 8 in Axes
  3210 | D:5      | Found a staircase to the Ecumenical Temple.
  3231 | Temple   | Entered the Ecumenical Temple
  3409 | Temple   | Became a worshipper of Qazlal Stormbringer
  3473 | D:5      | Slain by an iguana

Illustrated notes

Levels and vault maps discovered:
D:1:      matt_arrival_grand_opening, layout_basic
D:2:      layout_basic, serial_glass, glass_columns_c, glass_columns_a,
          shapermc_ecumenical_altar_mp_highgroup
D:3:      layout_rooms, mainiacjoe_overflow_paths,
          mainiacjoe_overflow_small_starburst, palyth_stone_intersect,
          uniq_natasha, uniq_terence
D:4:      layout_loops_ring, uniq_crazy_yiuf_cottage, uniq_ijyb
D:5:      layout_cave_pools, minmay_temple_entry_slanted, serial_shops,
          kennysheep_little_box, chequers_serial_rivers_large_b
Temple:   eino_temple_scatter_basement

Skill      XL: |  1  2  3  4  5  6  7  8 |
---------------+-------------------------+-----
Axes           | 2 3 4 5 6 7 8 |  8.4
Fighting       | 4 5 |  5.5
Armour         | |  3.2
Shields        | |  3.2

Action                     |  1- 3 |  4- 6 |  7- 9 || total
---------------------------+-------+-------+-------++-------
  Melee: War axe           |    96 |   113 |    15 ||   224
         Battleaxe         |       |       |    81 ||    81
    Use: Potion            |     1 |       |     2 ||     3
         Scroll            |       |       |     9 ||     9
 Armour: Scale mail        |    62 |    61 |    69 ||   192
  Dodge: Dodged            |    47 |    54 |    53 ||   154
  Block: Buckler           |    23 |    24 |     5 ||    52

Table legend: (Time is in decaauts)
 A = Elapsed time spent in this place.
 B = Non-inter-level travel time spent in this place.
 C = Inter-level travel time spent in this place.
 D = Time resting spent in this place.
 E = Time spent auto-exploring this place.
 F = Levels seen in this place.
 G = Mean time per level.
                   A        B        C        D        E       F      G
               +--------+--------+--------+--------+--------+-----+--------+
         Total |   3573 |   3414 |    159 |     79 |   2537 |   6 |  595.5 |
       Dungeon |   3376 |   3260 |    116 |     79 |   2398 |   5 |  675.2 |
        Temple |    196 |    154 |     42 |      0 |    139 |   1 |  196.0 |
               +--------+--------+--------+--------+--------+-----+--------+

Top non-repeatable levels by time:
     D:4: 1014 daAuts
     D:1: 673 daAuts
     D:2: 654 daAuts
     D:3: 603 daAuts
     D:5: 430 daAuts
  Temple: 196 daAuts
